 Dungeon Crawl Stone Soup version 0.31-a0-1612-g4aaf141004 (webtiles) character file.

Game seed: 14398946540728448269

32 Moonlight the Trooper (level 3, -1/24 HPs)
             Began as a Gargoyle Monk on Jan 9, 2024.
             Slain by a centaur (2 damage)
             ... on level 4 of the Dungeon.
             The game lasted 00:16:05 (715 turns).

Moonlight the Trooper (Gargoyle Monk)                Turns: 715, Time: 00:16:05

Health: -1/24      AC:  5    Str: 16    XL:     3   Next: 27%
Magic:  3/3        EV: 12    Int: 10    God:
Gold:   57         SH:  0    Dex: 12    Spells: 2/2 levels left

rFire   . . .        o - +3 dagger
rCold   . . .        d - orb {light}
rNeg    + . .        b - +0 robe
rPois   ∞            (no helmet)
rElec   +            (no cloak)
rCorr   +            (no gloves)
SInv    .            (no boots)
Will    .....        (no amulet)
Stlth   +            n - ring of resist corrosion
HPRegen 0.24/turn    (no ring)
MPRegen 0.08/turn

%: no passive effects
@: glowing
A: sickness immunity, AC +3, negative energy resistance 1, electricity
resistance, torment resistance 1, petrification resistance
a: no special abilities


You were on level 4 of the Dungeon.
You visited 1 branch of the dungeon, and saw 4 of its levels.

You collected 57 gold pieces.

Inventory:

Hand Weapons
 a - a +0 mace
 i - a +0 hand axe
 j - a +2 short sword of venom
 m - a +0 dagger
 o - a +3 dagger (weapon)
Missiles
 g - 4 stones
 h - 4 datura-tipped darts (quivered)
Armour
 b - a +0 robe (worn)
 d - an orb of light (worn)
Jewellery
 n - a ring of resist corrosion (left hand)
Talismans
 e - a beast talisman
Scrolls
 f - a scroll of revelation {unknown}
 k - 2 scrolls of identify {unknown}
Potions
 c - a potion of ambrosia
 l - a potion of mutation {unknown}


   Skills:
 + Level 3.9 Fighting
 + Level 3.4 Maces & Flails
 + Level 2.7 Dodging


You had 2 spell levels left.
You didn't know any spells.
Your spell library was empty.

Dungeon Overview and Level Annotations

Branches:
Dungeon (4/15)
 Temple: D:4-7

Altars:


Innate Abilities, Weirdness & Mutations

You are immune to sickness and miasma.
Your stone body is resilient. (AC +3)
You are immune to poison.
You resist negative energy. (rN+)
You are resistant to electric shocks. (rElec)
You are resistant to unholy torment.
You are immune to petrification.


Message History

Found a stone staircase leading up.
There is a stone staircase leading up here.
A bat comes into view.
The bat closely misses you. The bat hits you but does no damage.
The bat closely misses you.
You completely miss the bat. The bat hits you but does no damage.
The bat barely misses you. The bat barely misses you.
The bat closely misses you. The bat misses you.
You hit the bat.
The bat is severely wounded.
The bat barely misses you. x2
You hit the bat.
You kill the bat!
Found a stone staircase leading down.
There is a stone staircase leading down here.
You can't go up here!
You climb downwards.
Found a scroll labelled TAONES OBRONE.
There is a stone staircase leading up here.
k - 2 scrolls labelled TAONES OBRONE (gained 1)
A centaur comes into view.
The centaur shouts!
The centaur wields a +0 shortbow.
The centaur shoots an arrow.
The arrow hits you.
The centaur shoots an arrow.
The arrow hits you!
A kobold comes into view. It is wielding a +0 dagger.
The centaur shoots an arrow.
The arrow barely misses you.
The centaur shoots an arrow.
The arrow hits you!
* * * LOW HITPOINT WARNING * * *
The centaur unwields a +0 shortbow.
The centaur closely misses you. The centaur kicks you.
* * * LOW HITPOINT WARNING * * *
You hit the centaur.
The centaur is lightly wounded.
The centaur hits you but does no damage.
The centaur kicks you.
You die...

..# .... ...###
#.... #.K..
#.... #...c###
#....@.#
######.### #
#...# # ###.# #
#.# # #.# # #.#
# #.# #
#.#############


You could see a centaur and a kobold.

Vanquished Creatures
  A ball python (D:1)
  4 bats
  3 endoplasms
  2 giant cockroaches
  2 goblins
  4 hobgoblins
  3 jackals (D:3)
  5 kobolds
  3 rats (D:1)
27 creatures vanquished.

Notes
Turn   | Place    | Note
-------+----------+-------------------------------------------
     0 | D:1      | Moonlight the Gargoyle Monk began the quest for the Orb.
     0 | D:1      | Reached XP level 1. HP: 14/14 MP: 1/1
   173 | D:1      | Reached XP level 2. HP: 15/19 MP: 2/2
   524 | D:3      | Reached XP level 3. HP: 22/24 MP: 3/3
   710 | D:4      | Noticed a centaur
   714 | D:4      | HP: 1/24 [centaur (2)]
   715 | D:4      | Slain by a centaur

Illustrated notes

Levels and vault maps discovered:
D:1:      nzn_arrival_depleted_hourglass, layout_basic, serial_bayou_crossing
D:2:      layout_rooms, kennysheep_doodads
D:3:      lemuel_castle_with_subvaults [lemuel_castle_interior_original],
          layout_loops_ring, nicolae_the_louvre, uniq_grinder
D:4:      layout_basic, fiery_altar_vehumet, uniq_edmund, uniq_robin

Action                     || total
---------------------------++-------
  Melee: Short sword       ||    36
         Hand axe          ||     4
         Mace              ||     3
         Dagger            ||    22
  Throw: Dart              ||     1
 Armour: Robe              ||    38
  Dodge: Dodged            ||    53

Table legend: (Time is in decaauts)
 A = Elapsed time spent in this place.
 B = Non-inter-level travel time spent in this place.
 C = Inter-level travel time spent in this place.
 D = Time resting spent in this place.
 E = Time spent auto-exploring this place.
 F = Levels seen in this place.
 G = Mean time per level.
                   A        B        C        D        E       F      G
               +--------+--------+--------+--------+--------+-----+--------+
         Total |    718 |    210 |    508 |      0 |      7 |   4 |  179.5 |
       Dungeon |    718 |    210 |    508 |      0 |      7 |   4 |  179.5 |
               +--------+--------+--------+--------+--------+-----+--------+

Top non-repeatable levels by time:
     D:1: 432 daAuts
     D:3: 154 daAuts
     D:2: 87 daAuts
     D:4: 44 daAuts
